 Dungeon Sprint DCSS version 0.29-a0-72-g1732ff48e7 (webtiles) character file.

Game seed: 12484621069065984766

1558 iguanaiguana the Severer (level 8, -10/81 HPs)
             Began as a Minotaur Fighter on Feb 4, 2022.
             Was a Priest of Okawaru.
             Mangled by a two-headed ogre (14 damage)
             ... in the Dungeon (Sprint IX: "|||||||||||||||||||||||||||||").
             The game lasted 00:02:23 (509 turns).

iguanaiguana the Severer (Minotaur Fighter)          Turns: 509, Time: 00:02:24

Health: -10/81     AC: 14    Str: 26    XL:     8   Next: 58%
Magic:  7/7        EV:  8    Int:  8    God:    Okawaru [***...]
Gold:   0          SH:  6    Dex: 10    Spells: 7/7 levels left

rFire   . . .      SeeInvis .   m - +1 broad axe (vorpal)
rCold   . . .      Faith    .   c - +0 buckler
rNeg    . . .      Spirit   .   q - +1 chain mail
rPois   .          Reflect  .   (helmet restricted)
rElec   .          Harm     .   p - +0 cloak
rCorr   .          Rampage  .   (no gloves)
Will    .....      NoTele   +   (no boots)
Stlth   ..........              (no amulet)
HPRegen 0.23/turn               r - +3 ring of intelligence
MPRegen 0.10/turn               s - +3 ring of strength

@: on berserk cooldown, hasted and slowed
A: horns 2, retaliatory headbutt
a: Renounce Religion, Heroism


You were in the Dungeon.
You worshipped Okawaru.
Okawaru was most pleased with you.
You visited 1 branch

Inventory:

Hand Weapons
 a - a +0 war axe
 m - a +1 vorpal broad axe (weapon)
 n - a +2 morningstar of protection
Armour
 b - a +0 scale mail
 c - a +0 buckler (worn)
 o - a +0 helmet
 p - a +0 cloak (worn)
 q - a +1 chain mail (worn)
 t - +0 acid dragon scales
Jewellery
 r - a +3 ring of intelligence (left hand)
 s - a +3 ring of strength (right hand)
Wands
 l - a wand of acid (10)
Scrolls
 j - a scroll of blinking
 k - 2 scrolls of amnesia
Potions
 d - a potion of invisibility
 e - 5 potions of curing
 f - a potion of heal wounds
 h - 4 potions of magic


   Skills:
 + Level 10.9 Fighting
 * Level 15.0 Axes
 + Level 11.2 Armour
 + Level 1.3 Stealth
 + Level 10.1 Shields


You had 7 spell levels left.
You didn't know any spells.
Your spell library was empty.

Dungeon Overview and Level Annotations

Branches:
Dungeon (1/1)

Altars:
Cheibriados
Dithmenos
Elyvilon
Fedhas
Gozag
Hepliaklqana
Kikubaaqudgha
Makhleb
Nemelex Xobeh
Okawaru
Qazlal
Ru
Sif Muna
Trog
Uskayaw
Vehumet
Wu Jian
Xom
Yredelemnul
Zin
The Shining One
Beogh
Jiyva
Lugonu


Innate Abilities, Weirdness & Mutations

You have a pair of horns on your head.
You reflexively headbutt those who attack you in melee.


Message History

You feel much better.
The boulder beetle leaps!
You feel yourself speed up. The two-headed ogre closely misses you.
The two-headed ogre hits you but does no damage.
You hit the two-headed ogre but do no damage.
You hit the boulder beetle but do no damage.
The two-headed ogre hits you with a +0 giant spiked club!!
The two-headed ogre barely misses you. You block the boulder beetle's attack.
You hit the two-headed ogre but do no damage.
You headbutt the two-headed ogre!
The two-headed ogre is moderately wounded.
You slash the boulder beetle! You block the boulder beetle's attack.
The two-headed ogre completely misses you.
The two-headed ogre closely misses you.
You hit the two-headed ogre. You headbutt the two-headed ogre!
The two-headed ogre is heavily wounded.
You hit the boulder beetle but do no damage.
You block the boulder beetle's attack.
You hit the two-headed ogre.
The two-headed ogre is severely wounded.
You hit the boulder beetle.
The two-headed ogre hits you with a +0 giant spiked club!
* * * LOW HITPOINT WARNING * * *
You block the two-headed ogre's attack. The boulder beetle bites you!
* * * LOW HITPOINT WARNING * * *
You slice the two-headed ogre!!
You kill the two-headed ogre!
Okawaru is honoured by your kill.
Okawaru will now gift you ammunition as you gain piety.
You barely miss the boulder beetle. The boulder beetle bites you.
* * * LOW HITPOINT WARNING * * *
Your Axes skill gained 2 levels and is now at level 15!
Your Armour skill increases to level 11!
Your Shields skill increases to level 10!
You have reached level 8!
You feel agile.
You hit the two-headed ogre but do no damage.
You headbutt the two-headed ogre, but do no damage.
You hit the boulder beetle but do no damage.
The two-headed ogre hits you with a +0 dire flail!
You die...

▓_▓
▓_▓
▓'▓
▓.▓
▓.▓
▓)▓
▓.▓
▓B▓
▓@▓
▓O▓
▓u▓
▓.▓
▓9▓
▓.▓
▓.▓
▓.▓
▓.▓


You could see a boulder beetle, a red ugly thing, a two-headed ogre and a
gargoyle.

Vanquished Creatures
  A two-headed ogre (D)
  An efreet (D)
  2 yaks (D)
  An acid dragon (D)
  A black bear (D)
  A sky beast (D)
  An ogre (D)
  A howler monkey (D)
  A hound (D)
  An adder zombie (D)
  2 dart slugs (D)
  A bat (D)
  A goblin (D)
  A ball python zombie (D)
  A kobold (D)
  A quokka zombie (D)
18 creatures vanquished.

Notes
Turn   | Place    | Note
-------+----------+-------------------------------------------
     0 | D        | iguanaiguana the Minotaur Fighter began the quest for the
                  | Orb.
     0 | D        | Reached XP level 1. HP: 19/19 MP: 0/0
     8 | D        | Reached skill level 3 in Axes
    10 | D        | Reached XP level 2. HP: 28/28 MP: 1/1
    16 | D        | Noticed a black bear
    16 | D        | Noticed an ogre
    16 | D        | Noticed a sky beast
    20 | D        | Killed a black bear
    21 | D        | Reached skill level 6 in Axes
    21 | D        | Reached XP level 3. HP: 38/38 MP: 2/2
    21 | D        | Reached XP level 4. HP: 45/45 MP: 3/3
    23 | D        | Reached skill level 7 in Axes
    23 | D        | Reached XP level 5. HP: 49/51 MP: 4/4
    24 | D        | Killed an ogre
    25 | D        | Reached skill level 8 in Axes
    30 | D        | Killed a sky beast
    31 | D        | Reached skill level 9 in Axes
    31 | D        | Reached XP level 6. HP: 30/62 MP: 5/5
   194 | D        | Found a snail-covered altar of Cheibriados.
   194 | D        | Found a shadowy altar of Dithmenos.
   194 | D        | Found a white marble altar of Elyvilon.
   194 | D        | Found a blossoming altar of Fedhas.
   194 | D        | Found an opulent altar of Gozag.
   195 | D        | Found a hazy altar of Hepliaklqana.
   196 | D        | Found a viscous altar of Jiyva.
   197 | D        | Found an ancient bone altar of Kikubaaqudgha.
   198 | D        | Found a corrupted altar of Lugonu.
   199 | D        | Found a burning altar of Makhleb.
   200 | D        | Found a sparkling altar of Nemelex Xobeh.
   201 | D        | Found an iron altar of Okawaru.
   202 | D        | Found a stormy altar of Qazlal.
   203 | D        | Found a sacrificial altar of Ru.
   204 | D        | Found a shimmering blue altar of Sif Muna.
   205 | D        | Found a bloodstained altar of Trog.
   206 | D        | Found a hide-covered altar of Uskayaw.
   207 | D        | Found a radiant altar of Vehumet.
   208 | D        | Found an ornate altar of the Wu Jian Council.
   209 | D        | Found a shimmering altar of Xom.
   210 | D        | Found a basalt altar of Yredelemnul.
   211 | D        | Found a glowing silver altar of Zin.
   212 | D        | Found a glowing golden altar of the Shining One.
   235 | D        | Became a worshipper of Warmaster Okawaru
   285 | D        | Noticed a yak
   285 | D        | Noticed an acid dragon
   285 | D        | Noticed a yak
   292 | D        | Killed a yak
   293 | D        | Reached skill level 10 in Axes
   294 | D        | Killed an acid dragon
   295 | D        | Reached skill level 11 in Axes
   295 | D        | Reached XP level 7. HP: 48/70 MP: 6/6
   299 | D        | Killed a yak
   299 | D        | Reached * piety under Okawaru
   300 | D        | Reached skill level 12 in Axes
   484 | D        | Noticed an efreet
   484 | D        | Noticed a two-headed ogre
   484 | D        | Noticed a boulder beetle
   484 | D        | Noticed a two-headed ogre
   484 | D        | Noticed a gargoyle
   484 | D        | Noticed a red ugly thing
   487 | D        | Killed an efreet
   488 | D        | Reached skill level 10 in Fighting
   488 | D        | Reached skill level 13 in Axes
   488 | D        | Reached skill level 10 in Armour
   488 | D        | Reached skill level 1 in Stealth
   508 | D        | Killed a two-headed ogre
   508 | D        | Reached ** piety under Okawaru
   508 | D        | Reached *** piety under Okawaru
   508 | D        | HP: 3/72 [boulder beetle (6)]
   509 | D        | Reached skill level 15 in Axes
   509 | D        | Reached skill level 10 in Shields
   509 | D        | Reached XP level 8. HP: 4/81 MP: 7/7
   509 | D        | Mangled by a two-headed ogre

Illustrated notes

Levels and vault maps discovered:
D:        linesprint [early_d, line_temple, items_1, d_10, items_2, lair_1,
          lair_end, items_3, orc_1, orc_end, items_4, d_15, swamp_1, shoals_1,
          snake_1, spider_1, d_20, vaults_1, items_5, swamp_end, shoals_end,
          snake_end, spider_end, vaults_end, d_27, items_6, zot_1, zot_end,
          crypt_end, forest_end, elf_end, slime_end, tomb_end, abyss_end,
          pan_hell_end]

Skill      XL: |  1  2  3  4  5  6  7 |
---------------+----------------------+-----
Fighting       | 4 6 8 9 10 | 10.9
Armour         | 4 6 8 9 11 | 11.2
Shields        | 4 6 8 9 10 | 10.1
Axes           | 3 6 7 9 11 15 | 15.0
Stealth        | 1 |  1.3

Action                   |  1- 3 |  4- 6 |  7- 9 || total
-------------------------+-------+-------+-------++-------
Melee: War axe           |     9 |    10 |       ||    19
       Headbutt          |     1 |     3 |    10 ||    14
       Broad axe         |       |     9 |    18 ||    27
  Use: Potion            |     1 |       |     4 ||     5
       Scroll            |       |       |     1 ||     1
Armor: Scale mail        |     5 |     3 |       ||     8
       Chain mail        |       |     2 |     3 ||     5
Dodge: Dodged            |     7 |     2 |     5 ||    14
Block: Buckler           |     3 |       |     6 ||     9

Table legend: (Time is in decaauts)
 A = Elapsed time spent in this place.
 B = Non-inter-level travel time spent in this place.
 C = Inter-level travel time spent in this place.
 D = Time resting spent in this place.
 E = Time spent auto-exploring this place.
 F = Levels seen in this place.
 G = Mean time per level.
                   A        B        C        D        E       F      G
               +--------+--------+--------+--------+--------+-----+--------+
         Total |    518 |    518 |      0 |    332 |      0 |   1 |  518.0 |
       Dungeon |    518 |    518 |      0 |    332 |      0 |   1 |  518.0 |
               +--------+--------+--------+--------+--------+-----+--------+

Top non-repeatable levels by time:
       D: 518 daAuts
